 Dungeon Crawl Stone Soup version 0.30.1-4-g462c640d31 (webtiles) character file.

Game seed: 2388050298275340473

144 Almogavar the Chucker (level 5, -12/43 HPs)
             Began as a Gnoll Wanderer on Sept 13, 2023.
             Mangled by an ogre
             ... wielding a +0 giant club
              (16 damage)
             ... on level 4 of the Dungeon.
             The game lasted 00:11:44 (3250 turns).

Almogavar the Chucker (Gnoll Wanderer)              Turns: 3250, Time: 00:11:45

Health: -12/43     AC:  5    Str: 14    XL:     5   Next: 27%
Magic:  8/9        EV: 11    Int: 11    God:
Gold:   91         SH:  6    Dex: 11    Spells: 9/10 levels left

rFire   + . .        s - +2 dagger (drain)
rCold   . . .        k - +3 warlock's mirror {omnireflect}
rNeg    + . .        e - +0 leather armour
rPois   .            f - +2 hat
rElec   .            (no cloak)
rCorr   .            (no gloves)
SInv    .            (no boots)
Will    .....        (no amulet)
Stlth   +            m - ring of Feg Ges {rF+ rN+}
HPRegen 0.27/turn    (no ring)
MPRegen 0.11/turn

%: reflection
@: no status effects
A: fangs 1, strong nose, distributed training
a: no special abilities


You were on level 4 of the Dungeon.
You visited 1 branch of the dungeon, and saw 4 of its levels.

You collected 91 gold pieces.

Inventory:

Hand Weapons
 s - a +2 dagger of draining (weapon)
Missiles
 c - 8 poisoned darts (quivered)
 u - 3 atropa-tipped darts
Armour
 e - a +0 leather armour (worn)
 f - a +2 hat (worn)
 k - the +3 warlock's mirror (worn) {omnireflect}
   (You acquired it on level 1 of the Dungeon)

   Omnireflect: It can block and reflect piercing ranged attacks and magical
   attacks against the wielder's willpower.
 l - a +0 chain mail
 p - a +0 ring mail
Jewellery
 m - the ring of Feg Ges (left hand) {rF+ rN+}
   (You acquired it on level 1 of the Dungeon)

   [ring of positive energy]

   rF:        It protects you from fire.
   rN:        It protects you from negative energy.
Wands
 v - a wand of flame (5)
Scrolls
 a - 2 scrolls of fear
 b - 2 scrolls of blinking
 h - a scroll of fog
 i - 2 scrolls of enchant armour
 n - a scroll of enchant weapon {unknown}
 q - 2 scrolls of immolation {unknown}
Potions
 d - a potion of berserk rage
 g - 2 potions of might
 j - 4 potions of curing {unknown}
 o - a potion of attraction {unknown}
 r - a potion of heal wounds {unknown}
 t - a potion of brilliance {unknown}


   Skills:
 + Level 4.8 Fighting
 + Level 1.5 Short Blades
 + Level 1.5 Long Blades
 + Level 1.5 Axes
 + Level 1.5 Maces & Flails
 + Level 1.5 Polearms
 + Level 1.5 Staves
 + Level 1.5 Ranged Weapons
 + Level 6.7 Throwing
 + Level 1.5 Armour
 + Level 1.5 Dodging
 + Level 1.5 Stealth
 + Level 1.5 Shields
 + Level 4.8 Unarmed Combat
 + Level 3.2 Spellcasting
 + Level 1.2 Conjurations
 + Level 1.2 Hexes
 + Level 1.2 Summonings
 + Level 2.4 Necromancy
 + Level 1.2 Translocations
 + Level 1.2 Transmutations
 + Level 1.2 Fire Magic
 + Level 1.2 Ice Magic
 + Level 1.2 Air Magic
 + Level 1.2 Earth Magic
 + Level 1.2 Poison Magic
 + Level 1.7 Invocations
 + Level 3.0 Evocations


You had 9 spell levels left.
You knew the following spells:

 Your Spells              Type           Power      Damage    Failure   Level
a - Necrotise             Necr           28%        1d5       17%         1

Your spell library contained the following spells:

 Spells                   Type           Power      Damage    Failure   Level
 Vampiric Draining        Necr           7%         2d6       45%         3


Dungeon Overview and Level Annotations

Branches:
Dungeon (4/15)
 Temple: D:4-7

Altars:


Innate Abilities, Weirdness & Mutations

You have very sharp teeth.
Your uncanny sense of smell can sniff out nearby items.
Your experience applies equally to all skills.


Message History

Aiming: Necrotise (safe; 17% risk of failure)
Press: ? - help, Shift-Dir - straight line, f/p - goblin
Aim: a goblin, wielding a +0 club (moderately wounded, chance to affect: 72%)
The goblin writhes in agony.
You kill the goblin!
The dead are walking!
Magic restored.
You swap places.
Your goblin skeleton crumbles into dust!
An ogre comes into view. It is wielding a +0 giant club.
The ogre shouts!
You hear a shout!
Throw: 11 darts (poison)
Press: ? - help, Q - select action, (/) - cycle Shift-Dir - straight line, f - ogre
Aim: an ogre, wielding a +0 giant club (76% to hit)
You throw a poisoned dart. The poisoned dart hits the ogre!
The ogre is poisoned.
Throw: 10 darts (poison)
Press: ? - help, Q - select action, (/) - cycle Shift-Dir - straight line, f/p - ogre
Aim: an ogre, wielding a +0 giant club (very poisoned, 76% to hit)
You throw a poisoned dart. The poisoned dart hits the ogre.
The ogre looks as sick as possible!
The ogre hits you with a +0 giant club!
Throw: 9 darts (poison)
Press: ? - help, Q - select action, (/) - cycle Shift-Dir - straight line, f/p - ogre
Aim: an ogre, wielding a +0 giant club (lightly wounded, extremely poisoned, 76% to hit)
You throw a poisoned dart. The poisoned dart hits the ogre!
The ogre looks as sick as possible!
The ogre is lightly wounded.
The ogre attacks as you move away! The ogre hits you with a +0 giant club!
The ogre attacks as you move away! The ogre barely misses you.
Casting: Necrotise (safe; 17% risk of failure)
Confirm with . or Enter, or press ? or * to list all spells.
Aiming: Necrotise (safe; 17% risk of failure)
Press: ? - help, Shift-Dir - straight line, f/p - ogre
Aim: an ogre, wielding a +0 giant club (heavily wounded, very poisoned, chance to affect: 55%)
The ogre resists with significant effort.
The ogre attacks as you move away! The ogre hits you with a +0 giant club!
* * * LOW HITPOINT WARNING * * *
The ogre attacks as you move away! The ogre hits you with a +0 giant club!
You die...

.# #.# ..# ####(#
#.# #.# # #....# #.#
#.. #.#.#### #.# #.#
#.#.### #.# #.#
#.....#### #.####.#
#.^...##.##
#...##.###
#....O....#
##........
#....@##.##
#..##.###
#.....##.#####..##.#
###(..)............#
############..##.#
#..##.# #..##.#
#....#. #####


You could see an ogre (very poisoned).

Vanquished Creatures
  9 adders
  A worm (D:3)
  A dart slug (D:1)
  9 ball pythons
  4 bats
  5 endoplasms
  2 giant cockroaches
  7 goblins
  3 hobgoblins
  6 jackals
  3 kobolds
  A quokka (D:1)
  3 frilled lizards
  3 rats
57 creatures vanquished.

Vanquished Creatures (collateral kills)
  An endoplasm (D:2)
  A bat (D:1)
2 creatures vanquished.

Grand Total: 59 creatures vanquished

Notes
Turn   | Place    | Note
-------+----------+-------------------------------------------
     0 | D:1      | Almogavar the Gnoll Wanderer began the quest for the Orb.
     0 | D:1      | Almogavar set off with the following items: a +0 dagger, 2
                  | scrolls of blinking, 10 poisoned darts, a potion of berserk
                  | rage, a +0 leather armour; and the following spell
                  | memorised: Necrotise; and the following spells available to
                  | memorise: Vampiric Draining.
     0 | D:1      | Reached XP level 1. HP: 20/20 MP: 4/4
   192 | D:1      | Reached XP level 2. HP: 20/26 MP: 1/5
   690 | D:1      | Found a faded altar of an unknown god.
   779 | D:1      | Reached XP level 3. HP: 31/31 MP: 5/7
  1122 | D:1      | Identified 2 scrolls of acquirement
  1122 | D:1      | Acquired the ring of Feg Ges {rF+ rN+}
  1126 | D:1      | Acquired the +3 warlock's mirror {omnireflect}
  1126 | D:1      | Found the +3 warlock's mirror {omnireflect}
  1178 | D:2      | Reached skill level 1 in Invocations
  1222 | D:2      | Reached skill level 1 in Short Blades
  1222 | D:2      | Reached skill level 1 in Long Blades
  1222 | D:2      | Reached skill level 1 in Axes
  1222 | D:2      | Reached skill level 1 in Maces & Flails
  1222 | D:2      | Reached skill level 1 in Polearms
  1222 | D:2      | Reached skill level 1 in Staves
  1222 | D:2      | Reached skill level 1 in Ranged Weapons
  1222 | D:2      | Reached skill level 1 in Armour
  1222 | D:2      | Reached skill level 1 in Dodging
  1222 | D:2      | Reached skill level 1 in Stealth
  1222 | D:2      | Reached skill level 1 in Shields
  1257 | D:2      | Reached XP level 4. HP: 38/38 MP: 4/8
  1734 | D:2      | Reached skill level 1 in Conjurations
  1734 | D:2      | Reached skill level 1 in Hexes
  1734 | D:2      | Reached skill level 1 in Summonings
  1734 | D:2      | Reached skill level 1 in Translocations
  1734 | D:2      | Reached skill level 1 in Transmutations
  1734 | D:2      | Reached skill level 1 in Fire Magic
  1734 | D:2      | Reached skill level 1 in Ice Magic
  1734 | D:2      | Reached skill level 1 in Air Magic
  1734 | D:2      | Reached skill level 1 in Earth Magic
  1734 | D:2      | Reached skill level 1 in Poison Magic
  2492 | D:3      | Reached XP level 5. HP: 42/43 MP: 2/9
  3238 | D:4      | Noticed an ogre
  3250 | D:4      | Mangled by an ogre

Illustrated notes

Levels and vault maps discovered:
D:1:      minmay_arrival_doors, layout_basic,
          shapermc_ecumenical_altar_hornbeckon
D:2:      layout_basic, roderic_lattice_a
D:3:      layout_basic, nicolae_elevator_lobby_plus
D:4:      layout_loops_ring, yredelemnul_altar_generic, kennysheep_mini

Skill      XL: |  1  2  3  4  5 |
---------------+----------------+-----
Necromancy     | 2 |  2.4
Invocations    | 1 |  1.7
Short Blades   | 1 |  1.5
Long Blades    | 1 |  1.5
Axes           | 1 |  1.5
Maces & Flails | 1 |  1.5
Polearms       | 1 |  1.5
Staves         | 1 |  1.5
Ranged Weapons | 1 |  1.5
Armour         | 1 |  1.5
Dodging        | 1 |  1.5
Stealth        | 1 |  1.5
Shields        | 1 |  1.5
Spellcasting   | 3 |  3.2
Conjurations   | 1 |  1.2
Hexes          | 1 |  1.2
Summonings     | 1 |  1.2
Translocations | 1 |  1.2
Transmutations | 1 |  1.2
Fire Magic     | 1 |  1.2
Ice Magic      | 1 |  1.2
Air Magic      | 1 |  1.2
Earth Magic    | 1 |  1.2
Poison Magic   | 1 |  1.2
Evocations     | 3 |  3.0
Fighting       | |  4.8
Throwing       | |  6.7
Unarmed Combat | |  4.8

Action                     |  1- 3 |  4- 6 || total
---------------------------+-------+-------++-------
  Melee: Dagger            |    83 |    87 ||   170
         Bite              |     4 |     6 ||    10
         Punch             |     1 |       ||     1
  Throw: Dart              |    12 |     3 ||    15
   Cast: Necrotise         |    33 |    62 ||    95
    Use: Scroll            |     2 |     4 ||     6
   Stab: Distracted        |     1 |       ||     1
         Sleeping          |       |     1 ||     1
 Armour: Leather armour    |    27 |    36 ||    63
  Dodge: Dodged            |    71 |    58 ||   129
  Block: Buckler           |     3 |    40 ||    43
